 Dungeon Crawl Stone Soup version 0.17.1-3-g152610e (webtiles) character file.

263734 manyhoops the Warrior (level 19, -5/161 HPs)
             Began as a Demonspawn Fighter on Apr 6, 2016.
             Was the Champion of Jiyva.
             Killed from afar by a greater naga (23 damage)
             ... with a poison arrow
             ... on level 4 of the Snake Pit.
             The game lasted 04:17:16 (45174 turns).

manyhoops the Warrior (Demonspawn Fighter)         Turns: 45174, Time: 04:17:16

Health: -5/161     AC: 38    Str: 39    XL:     19   Next: 25%
Magic:  42/42      EV: 12    Int: 10    God:    Jiyva [******]
Gold:   2403       SH:  0    Dex: 14    Spells: 0 memorised, 18 levels left

rFire  x . .     SeeInvis .     b - +8 battleaxe of Internal Strife {venom, *Noise rN+ Str+4}
rCold  + + .     Clarity  .     D - +9 plate armour {ponderous}
rNeg   + + .     SustAt   .     (shield currently unavailable)
rPois  +         Gourm    .     M - +0 hat
rElec  +         Spirit   .     (no cloak)
rCorr  +         Warding  +     (no gloves)
rMut   .         Stasis   .     S - +0 pair of boots "Tyuqiuso" {rElec}
MR     ++...                    x - amulet "Hita" {Ward rN+ MP+9 Dex+2}
Stlth  ..........               I - ring of Miracles {MR+ Int+4 Dex+3 Stlth+}
                                O - ring of Ohuagad {rF- rC+ MP+9 Str+4}

@: lethally poisoned (-5 -> -10), about to teleport, slow, very resistant to
hostile enchantments, extremely unstealthy
A: claws 2, rough black scales 3, clever 1, cold resistance 1, mutation
resistance 1, poison resistance, powered by pain 2, shaggy fur 1, spiny 2,
acidic bite, translucent skin 1, jelly sensing items, jelly absorbing missiles
a: Request Jelly, Jelly Paralyse, Slimify, Cure Bad Mutation, Renounce Religion
}: 2/15 runes: decaying, slimy


You were on level 4 of the Snake Pit.
You worshipped Jiyva.
Jiyva was exalted by your worship.
You were very full.

You visited 8 branches of the dungeon, and saw 45 of its levels.

You collected 3827 gold pieces.
You spent 1424 gold pieces at shops.

Inventory:

Hand Weapons
 b - the +8 battleaxe of Internal Strife (weapon) {venom, *Noise rN+ Str+4}
   (You found it on level 11 of the Dungeon)

   It poisons the flesh of those it strikes.
   It affects your strength (+4).
   It protects you from negative energy.
   It may make noises in combat.
 K - the +9 mace of the Sybil {crush, rN+}
   (You found it on level 6 of the Dungeon)

   It inflicts extra damage upon your enemies.
   It protects you from negative energy.
 X - a +2 battleaxe of electrocution
Armour
 o - a +3 buckler
 D - a +9 plate armour of ponderousness (worn)
 M - a +0 hat (worn)
 S - the +0 pair of boots "Tyuqiuso" (worn) {rElec}
   (You bought it in a shop on level 10 of the Dungeon)

   It insulates you from electricity.
Jewellery
 n - an uncursed amulet of stasis
 x - the amulet "Hita" (around neck) {Ward rN+ MP+9 Dex+2}
   (You took it off a deep elf death mage on level 3 of the Elven Halls)

   [amulet of warding]

   It may prevent the melee attacks of summoned creatures.
   It affects your dexterity (+2).
   It protects you from negative energy.
   It affects your magic capacity (+9).
 C - an uncursed ring of see invisible
 F - the amulet "Okhlopy" {Spirit rPois Str+2 Int+4}
   (You found it on level 6 of the Pits of Slime)

   [amulet of guardian spirit]

   It causes incoming damage to be split between your health and magic.
   It affects your strength (+2).
   It affects your intelligence (+4).
   It protects you from poison.
 I - the ring of Miracles (right claw) {MR+ Int+4 Dex+3 Stlth+}
   (You found it on level 10 of the Dungeon)

   [ring of stealth]

   It affects your intelligence (+4).
   It affects your dexterity (+3).
   It affects your resistance to hostile enchantments.
   It makes you more stealthy.
 O - the ring of Ohuagad (left claw) {rF- rC+ MP+9 Str+4}
   (You took it off a deep elf death mage on level 3 of the Elven Halls)

   [ring of protection from cold]

   It affects your strength (+4).
   It makes you vulnerable to fire.
   It protects you from cold.
   It affects your magic capacity (+9).
 U - an uncursed ring of positive energy
Wands
 l - a wand of frost (29)
 v - a wand of fire (10)
 y - a wand of paralysis (6)
 z - a wand of slowing (29)
 H - a wand of digging (16)
 J - a wand of cold (6)
 N - a wand of teleportation (4)
 P - a wand of teleportation (4)
 R - a wand of slowing (25)
 W - a wand of polymorph (8)
 Y - a wand of flame (32)
Scrolls
 a - 3 scrolls of magic mapping
 c - 5 scrolls of teleportation
 f - 8 scrolls of recharging
 g - 17 scrolls of remove curse
 p - a scroll of silence
 r - 2 scrolls of fear
 t - 9 scrolls of amnesia
 L - 6 scrolls of fog
Potions
 h - 2 potions of flight
 i - 2 potions of might
 k - a potion of agility
 s - a potion of haste
 u - 7 potions of brilliance
 A - 3 potions of curing
 B - 2 potions of berserk rage
 E - a potion of resistance
 T - a potion of invisibility
Miscellaneous
 w - a plain deck of defence {the Tomb}
 G - a crystal ball of energy
 V - a stone of tremors
Comestibles
 d - 2 slices of pizza
 e - 11 bread rations
 j - 6 beef jerkies
 m - 11 meat rations
 q - 6 fruits
 Z - 2 royal jellies


   Skills:
 - Level 17.5 Fighting
 * Level 17.3(18.8) Axes
 - Level 13.1(16.7) Maces & Flails
 - Level 15.3 Armour
 - Level 6.0 Dodging
 - Level 1.8 Stealth
 - Level 4.3 Shields
   Level 7.2 Invocations
 - Level 0.6 Evocations


You had 18 spell levels left.
You didn't know any spells.

Dungeon Overview and Level Annotations

Branches:
Dungeon (15/15)            Temple (1/1) D:6            Lair (8/8) D:11
  Swamp (4/4) Lair:5        Snake (4/4) Lair:4        Slime (6/6) Lair:8
    Orc (4/4) D:9             Elf (3/3) Orc:3        Vaults (0/5) D:14
 Depths (0/5) D:15

Altars:
Ashenzari
Cheibriados
Dithmenos
Elyvilon
Fedhas
Gozag
Kikubaaqudgha
Makhleb
Nemelex Xobeh
Okawaru
Qazlal
Ru
Sif Muna
Trog
Vehumet
Xom
Yredelemnul
Zin
The Shining One
Beogh
Jiyva

Shops:
D:10 [   D:13 %   Orc:3 !   Orc:4 (*=[   Snake:4 :

Portals:
Trove: Elf:1 (show abyssal rune of Zot)

Annotations:
Lair:7 exclusion: oklob plant
Lair:8 exclusion: 2 oklob plants
Slime:2 Dissolution
Slime:6 Royal Jelly


Innate Abilities, Weirdness & Mutations

You have very sharp fingernails.
You are completely covered in rough black scales (AC +10, Dex -3).
You sometimes gain power by taking damage.
You are mostly covered in sharp spines.
Your mind is acute. (Int +2)
Your flesh is cold resistant.
You are somewhat resistant to further mutation.
Your system is resistant to poisons.
You are covered in fur (AC +1).
You have acidic saliva.
Your skin is partially translucent (Stealth, -foe acc).
You have a small jelly attached to you that senses nearby items.
You have a small jelly attached to you that may absorb incoming projectiles.


Message History

The splash of poison hits you! You resist.
The greater naga spits poison at you. The splash of poison hits you!
You resist.
Jiyva says: Divide and consume!
Your surroundings suddenly seem different.
A naga comes into view.
It is wielding an enchanted short sword.
The naga shouts!
A mana viper comes into view.
The mana viper hisses angrily.
The naga mage seems to regain its courage.
A greater naga comes into view.
The greater naga gestures at you while chanting.
You feel strangely unstable.
The naga mage hits you but does no damage.
A greater naga comes into view. It is wielding a spear.
The greater naga gestures at you while chanting.
The poison arrow hits you!
You are poisoned.
You partially resist.
You die...

.......NN###..##
######...##...###
#.......).N...# #
#.N......N.N..# #
#.............# #
#..#.....#(...# #
#........(....# #
##.......(#..## #
###..SN@)..## #
#.....N...# #
........#N...# #
......#........ #
..#.............
#
.........N......
#
......N....N....
# N.......N.#.N..
#


You could see 2 naga warriors, 3 greater nagas, 3 naga sharpshooters, a mana
viper, 2 naga magi and 2 nagas.

Vanquished Creatures
  Saint Roka (Orc:4)
  2 deep elf blademasters (Elf:3)
  2 deep elf master archers (Elf:3)
  3 thorn hunters (Swamp:3)
  Kirke (Swamp:1)
  2 greater nagas
  Roxanne (Swamp:3)
  Donald (Swamp:3)
  5 deep elf sorcerers
  Aizul (Swamp:1)
  An orc warlord (Orc:3)
  2 large abominations (Elf:1)
  6 deep elf demonologists (Elf:3)
  7 deep elf annihilators
  Azrael (D:14)
  8 deep elf death magi
  A fire dragon (D:15)
  A yaktaur captain (D:15)
  3 deep elf high priests (Elf:3)
  10 hydras
  Harold (Lair:3)
  11 naga warriors
  A ghost crab (Swamp:3)
  4 ice dragons (Swamp:4)
  9 anacondas
  Erica (D:8)
  The ghost of emiel the Spear-Bearer, a novice NaGl of Cheibriados (D:13)
  14 dancing weapons (Elf:2)
  12 alligators
  2 centaur warriors
  3 death yaks (Lair:8)
  6 shock serpents
  10 naga sharpshooters
  Urug (Orc:3)
  5 orc high priests (Orc:4)
  26 deep elf knights
  3 salamander mystics
  A skeletal warrior (D:14)
  20 deep elf summoners
  2 ball lightnings
  4 swamp dragons
  3 spriggan druids
  6 naga ritualists
  13 wandering mushrooms
  8 orc knights
  3 shambling mangroves
  6 hill giants
  4 orc sorcerers
  13 deep elf conjurers
  A wizard (D:14)
  9 oklob plants
  18 ugly things
  4 mana vipers
  14 salamanders
  2 hornets
  2 cyclopes
  A griffon (D:15)
  8 elephants
  13 naga magi
  32 black mambas
  A molten gargoyle (Lair:4)
  2 guardian serpents
  Psyche (D:8)
  28 spiny frogs
  A spiny frog (shapeshifter) (D:14)
  An efreet (D:14)
  A redback zombie (D:13)
  A kobold demonologist (D:15)
  5 yaktaurs
  11 deep elf priests
  A fire drake (Lair:3)
  4 trolls
  16 komodo dragons
  4 freezing wraiths (Swamp:4)
  2 small abominations (Elf:3)
  3 giant leeches
  A polar bear (shapeshifter) (D:15)
  A two-headed ogre (Orc:3)
  A polar bear (Lair:7)
  22 blink frogs
  6 bog bodies
  2 wyverns
  A hog (Swamp:1)
  6 spriggans
  A wraith (D:12)
  A trapdoor spider (D:14)
  28 deep elf magi
  A yak (shapeshifter) (D:13)
  2 shadows
  A tarantella (shapeshifter) (Elf:2)
  3 swamp worm simulacra (Swamp:4)
  2 fire elementals (D:14)
  37 deep elf fighters
  63 yaks
  2 hungry ghosts
  41 nagas
  22 swamp worms
  A steam dragon (D:12)
  6 basilisks
  8 hippogriffs
  2 soldier ants
  13 wolves
  14 insubstantial wisps
  5 wargs
  14 hydra simulacra (Swamp:4)
  37 vampire mosquitoes
  17 water moccasins
  5 porcupines
  2 hell hounds (D:14)
  5 swamp drakes
  12 wasps
  3 necrophages
  2 phantoms (D:6)
  5 ice beasts
  An eye of draining (D:9)
  3 sky beasts
  7 centaurs
  13 ogres
  33 orc warriors
  3 black bears
  5 boggarts (D:15)
  A brain worm (D:15)
  28 giant frogs
  12 crocodiles
  A big kobold (D:7)
  A wyvern zombie (D:11)
  2 wyvern skeletons
  10 wights
  9 killer bees
  2 scorpions
  5 electric eels
  7 crimson imps
  3 jellies
  3 centaur zombies
  8 hounds
  A lava snake (Lair:4)
  3 quasits (D:11)
  2 giant frog zombies (D:6)
  20 orc priests
  Crazy Yiuf (D:6)
  6 centaur skeletons
  5 giant frog skeletons
  10 worker ants
  6 iguanas
  24 orc wizards
  Terence (D:2)
  A gnoll shaman (D:8)
  25 sheep
  A killer bee zombie (D:7)
  2 hound skeletons (D:8)
  15 adders
  2 worker ant zombies
  6 gnolls
  42 river rats
  4 shadow imps
  2 oozes
  3 swamp drake simulacra (Swamp:4)
  2 adder skeletons
  5 worms
  7 giant geckos
  115 orcs
  3 ball pythons
  2 bat zombies (D:5)
  7 giant cockroaches
  13 goblins
  10 hobgoblins
  13 jackals
  8 bats
  2 giant gecko zombies
  6 giant newts
  12 kobolds
  3 quokkas
  10 rats
  4 briar patches (Swamp:3)
  3 crawling corpses (Elf:1)
  5 fungi
  A plant (Lair:8)
1403 creatures vanquished.

Vanquished Creatures (collateral kills)
  2 hydras
  A fire crab (Lair:8)
  An orc sorcerer (Orc:4)
  5 elephants (Lair:8)
  Joseph (D:7)
  A black mamba (Lair:8)
  9 spiny frogs
  7 blink frogs
  A giant leech (Lair:8)
  5 yaks
  A hippogriff (Lair:8)
  3 vampire mosquitoes (Lair:8)
  A hungry ghost (D:7)
  A wolf (Lair:7)
  2 water moccasins
  2 porcupines (Lair:3)
  A swamp drake (Lair:8)
  4 orc warriors
  2 crocodiles
  11 giant frogs
  A gnoll sergeant (D:11)
  A big kobold (D:7)
  A wyvern skeleton (D:7)
  A jelly (D:11)
  A crimson imp (D:11)
  A hound (D:11)
  2 orc priests
  2 orc wizards (Orc:2)
  2 worker ants (D:10)
  7 river rats
  3 gnolls (D:11)
  24 orcs
  4 kobolds (D:7)
111 creatures vanquished.

Vanquished Creatures (others)
  3 acid blobs
  An azure jelly (Slime:6)
  A great orb of eyes (Slime:5)
  A death ooze (Slime:6)
  4 oklob plants (Lair:8)
  An alligator (Swamp:4)
  2 centaur warriors (D:15)
  A deep elf knight (Elf:2)
  A wolf spider zombie (D:15)
  A deep elf conjurer (Elf:1)
  A shining eye (Slime:6)
  A spiny frog (Swamp:4)
  24 wandering mushrooms
  2 eyes of devastation
  2 deep elf priests
  3 blink frogs (Swamp:3)
  46 slime creatures
  5 deep elf magi
  A human (Swamp:1)
  3 yaks (D:13)
  A swamp worm simulacrum (Swamp:4)
  3 deep elf fighters
  2 swamp worms (Swamp:3)
  A naga (Snake:1)
  An ogre (D:14)
  3 eyes of draining
  164 jellies
  A hound (D:14)
  A worker ant (D:12)
  An iguana (D:14)
  A worker ant zombie (D:11)
  A shadow imp (D:15)
  A swamp drake simulacrum (Swamp:4)
  9 orcs
  35 fungi
  A giant spore (D:13)
  30 plants
  560 toadstools
920 creatures vanquished.

Grand Total: 2434 creatures vanquished

Notes
Turn   | Place    | Note
--------------------------------------------------------------
     0 | D:1      | manyhoops the Demonspawn Fighter began the quest for the Orb.
     0 | D:1      | Reached XP level 1. HP: 18/18 MP: 1/1
   207 | D:1      | Gained mutation: You are partially covered in sharp spines. [demonic ancestry]
   207 | D:1      | Reached XP level 2. HP: 22/24 MP: 2/2
   771 | D:2      | Found a basalt altar of Yredelemnul.
   886 | D:2      | Noticed Terence
   891 | D:2      | Killed Terence
   891 | D:2      | Reached skill level 4 in Fighting
   891 | D:2      | Gained mutation: You have sharp fingernails. [demonic ancestry]
   891 | D:2      | Reached XP level 3. HP: 26/30 MP: 3/3
  1060 | D:2      | Found a white marble altar of Elyvilon.
  1430 | D:3      | Gained mutation: You sometimes gain a little power by taking damage. [demonic ancestry]
  1430 | D:3      | Reached XP level 4. HP: 37/37 MP: 4/4
  1480 | D:3      | Found a faded altar to an unknown god.
  1508 | D:3      | Became a worshipper of Fedhas Madash
  1508 | D:3      | Reached * piety under Fedhas
  1576 | D:3      | Found a burning altar of Makhleb.
  1658 | D:3      | Gained mutation: You are mostly covered in sharp spines. [demonic ancestry]
  1658 | D:3      | Reached XP level 5. HP: 11/42 MP: 5/5
  1972 | D:3      | Reached skill level 1 in Invocations
  2290 | D:4      | Reached XP level 6. HP: 48/48 MP: 7/7
  2806 | D:5      | Entered Level 5 of the Dungeon
  2838 | D:5      | Found an ancient bone altar of Kikubaaqudgha.
  2969 | D:5      | Reached XP level 7. HP: 21/55 MP: 9/9
  3471 | D:5      | Noticed a water elemental
  3473 | D:5      | Found a stormy altar of Qazlal.
  3474 | D:5      | Noticed a fire elemental
  3474 | D:5      | Noticed an air elemental
  3511 | D:5      | Found a deep blue altar of Sif Muna.
  3866 | D:6      | Reached skill level 5 in Invocations
  3876 | D:6      | Reached skill level 5 in Fighting
  3877 | D:6      | Reached skill level 5 in Armour
  3877 | D:6      | Reached XP level 8. HP: 39/62 MP: 7/11
  3969 | D:6      | Found a staircase to the Ecumenical Temple.
  3984 | Temple   | Entered the Ecumenical Temple
  4188 | D:6      | Reached skill level 5 in Axes
  4288 | D:6      | Reached skill level 6 in Armour
  4395 | D:6      | Found a glowing golden altar of the Shining One.
  4663 | D:6      | Gained mutation: You are partially covered in rough black scales (AC +4, Dex -1). [demonic ancestry]
  4663 | D:6      | Reached XP level 9. HP: 69/69 MP: 8/12
  4791 | D:6      | Noticed Crazy Yiuf
  4794 | D:6      | Killed Crazy Yiuf
  4799 | D:6      | Got a warped mace
  5088 | D:7      | Noticed Joseph
  5099 | D:7      | Reached skill level 7 in Armour
  5115 | D:7      | Killed Joseph
  6151 | D:8      | Noticed Erica
  6177 | D:8      | Killed Erica
  6203 | D:8      | Found an iron altar of Okawaru.
  6293 | D:8      | Found an opulent altar of Gozag.
  6362 | D:8      | Reached XP level 10. HP: 74/79 MP: 12/14
  6416 | D:8      | Noticed Psyche
  6421 | D:8      | Killed Psyche
  6457 | D:8      | Reached skill level 8 in Armour
  7007 | D:9      | Identified the +9 mace of the Sybil {crush, rN+} (You found it on level 6 of the Dungeon)
  7036 | D:9      | Found a staircase to the Orcish Mines.
  7229 | D:9      | Reached skill level 1 in Maces & Flails
  7603 | Orc:1    | Entered Level 1 of the Orcish Mines
  7922 | D:6      | Reached ** piety under Fedhas
  8584 | Orc:2    | Noticed an orc knight
  8596 | Orc:2    | Killed an orc knight
  8912 | Orc:2    | Found a bloodstained altar of Trog.
  9006 | Orc:2    | Noticed an orc knight
  9017 | Orc:2    | Noticed an orc sorcerer
  9271 | D:10     | Entered Level 10 of the Dungeon
  9279 | D:10     | Reached skill level 5 in Maces & Flails
  9656 | D:10     | Reached XP level 11. HP: 87/87 MP: 16/16
  9745 | D:10     | Got a sparkling amber ring
  9754 | D:10     | Found Eziudekhey's Armour Shop.
  9760 | D:10     | Bought the cursed +0 pair of boots "Tyuqiuso" {rElec} for 232 gold pieces
  9760 | D:10     | Bought a +1 helmet for 172 gold pieces
  9774 | D:10     | Identified the ring of Miracles {MR+ Int+4 Dex+3 Stlth+} (You found it on level 10 of the Dungeon)
  9809 | D:11     | Noticed a hill giant
  9823 | D:10     | Killed a hill giant
  9828 | D:11     | Reached *** piety under Fedhas
 10079 | D:11     | Got a shimmering battleaxe
 10085 | D:11     | Identified the +8 battleaxe of Internal Strife {venom, *Noise rN+ Str+4} (You found it on level 11 of the Dungeon)
 10177 | D:11     | Found a staircase to the Lair.
 10287 | D:11     | Reached skill level 9 in Fighting
 10473 | Lair:1   | Entered Level 1 of the Lair of Beasts
 10795 | Lair:1   | Reached skill level 10 in Fighting
 10888 | Lair:1   | Reached **** piety under Fedhas
 11735 | Lair:2   | Reached skill level 11 in Fighting
 12294 | Lair:2   | Gained mutation: You have very sharp fingernails. [demonic ancestry]
 12294 | Lair:2   | Reached XP level 12. HP: 81/100 MP: 14/17
 12616 | Lair:2   | Reached skill level 12 in Fighting
 12872 | Lair:3   | Reached ***** piety under Fedhas
 13095 | Lair:3   | Noticed Harold
 13113 | Lair:3   | Killed Harold
 13113 | Lair:3   | Reached skill level 13 in Fighting
 14244 | Lair:4   | Noticed a four-headed hydra
 14245 | Lair:4   | Reached skill level 14 in Fighting
 14258 | Lair:4   | Killed a four-headed hydra
 14340 | Lair:4   | Identified a +1 rod of ignition (10/10) (You found it on level 4 of the Lair of Beasts)
 14671 | Lair:4   | Found a staircase to the Snake Pit.
 14685 | Lair:4   | Reached XP level 13. HP: 98/114 MP: 18/18
 15134 | Lair:5   | Reached ****** piety under Fedhas
 15351 | Lair:5   | Found a staircase to the Swamp.
 16256 | Lair:6   | Reached skill level 15 in Fighting
 17397 | Lair:7   | Reached skill level 10 in Maces & Flails
 17770 | Lair:8   | Entered Level 8 of the Lair of Beasts
 18071 | Lair:8   | Gained mutation: You are mostly covered in rough black scales (AC +7, Dex -2). [demonic ancestry]
 18071 | Lair:8   | Reached XP level 14. HP: 88/123 MP: 16/19
 18639 | Lair:8   | Got a scintillating amber ring
 18642 | Lair:8   | Identified the cursed ring of the Queen {*Drain rN+ Str-3 Dex-2 Stlth+} (You found it on level 8 of the Lair of Beasts)
 18683 | Lair:8   | Found a viscous altar of Jiyva.
 18683 | Lair:8   | Found a staircase to the Slime Pits.
 19359 | Lair:8   | Got a jewelled hand crossbow
 19360 | Lair:8   | Identified the cursed +0 hand crossbow of Quiskehe {velocity, -Tele rC++ MR+ Stlth+} (You found it on level 8 of the Lair of Beasts)
 19456 | Slime:1  | Entered Level 1 of the Pits of Slime
 20179 | Orc:2    | Killed an orc sorcerer
 20195 | Orc:2    | Killed an orc knight
 20456 | Orc:3    | Found Ahinon's Distillery.
 20484 | Orc:3    | Bought a potion of curing for 39 gold pieces
 20484 | Orc:3    | Bought a potion of curing for 39 gold pieces
 20484 | Orc:3    | Bought a potion of berserk rage for 65 gold pieces
 20484 | Orc:3    | Bought a potion of berserk rage for 65 gold pieces
 20484 | Orc:3    | Bought a potion of beneficial mutation for 455 gold pieces
 20484 | Orc:3    | Bought a potion of curing for 39 gold pieces
 20484 | Orc:3    | Bought a potion of curing for 39 gold pieces
 20484 | Orc:3    | Gained mutation: Your mind is acute. (Int +2) [potion of beneficial mutation]
 20509 | Orc:3    | Found a staircase to the Elven Halls.
 20540 | Orc:3    | Noticed Urug
 20561 | Orc:3    | Killed Urug
 20812 | Orc:4    | Entered Level 4 of the Orcish Mines
 20837 | Orc:4    | Noticed an orc warlord
 21225 | Orc:4    | Found Qife Zea's Antique Weapon Emporium.
 21290 | Orc:3    | Killed an orc warlord
 21290 | Orc:3    | Reached skill level 10 in Armour
 21445 | Orc:4    | Found Ykhem's General Store.
 21536 | Orc:4    | Found a roughly hewn altar of Beogh.
 21553 | Orc:4    | Found Hanoyloo's Jewellery Shop.
 21615 | Orc:4    | Noticed Saint Roka
 22590 | Orc:4    | Found Witosurgh's Antique Armour Emporium.
 23364 | Temple   | Fell from the grace of Fedhas
 24049 | Lair:8   | Became a worshipper of Jiyva Jikliuch the Shapeless
 24090 | Slime:1  | Noticed an acid blob
 24166 | Slime:1  | Noticed an acid blob
 24243 | Slime:1  | Noticed an azure jelly
 24361 | Slime:2  | Noticed an acid blob
 24480 | Slime:2  | Noticed an acid blob
 24481 | Slime:2  | Noticed Dissolution
 24519 | Slime:4  | Noticed an acid blob
 24548 | Slime:6  | Entered Level 6 of the Pits of Slime
 24556 | Slime:6  | Noticed an acid blob
 24566 | Slime:6  | Found a viscous altar of Jiyva.
 24568 | Slime:6  | Noticed the royal jelly
 24570 | Slime:6  | Noticed an azure jelly
 24574 | Slime:6  | Killed an acid blob
 24583 | Slime:6  | Killed an acid blob
 24633 | Slime:6  | Noticed an acid blob
 24643 | Slime:6  | Killed an azure jelly
 25292 | Lair:5   | Reached * piety under Jiyva
 25769 | Lair:1   | Reached ** piety under Jiyva
 25892 | D:13     | Found a basalt altar of Yredelemnul.
 25895 | D:13     | Noticed emiel's ghost (novice NaGl)
 25904 | D:13     | Killed emiel's ghost
 25904 | D:13     | Reached XP level 15. HP: 130/130 MP: 20/20
 25912 | D:13     | Gained mutation: Your flesh is cold resistant. [potion of mutation]
 25912 | D:13     | Gained mutation: Scrolls take you a little longer to read. [potion of mutation]
 25913 | D:13     | Gained mutation: You tend to lose your temper in combat. [potion of mutation]
 25913 | D:13     | Gained mutation: You have an increased reservoir of magic (+10% MP). [potion of mutation]
 25913 | D:13     | Gained mutation: You can breathe flames. [potion of mutation]
 25914 | D:13     | Gained mutation: You possess an exceptional clarity of mind. [potion of mutation]
 25914 | D:13     | Lost mutation: Scrolls take you a little longer to read. [potion of mutation]
 26091 | D:13     | Found a frozen archway.
 26113 | D:13     | Got a polished leather armour
 26126 | D:13     | Identified the +2 leather armour of Ujenuid {MR++} (You found it on level 13 of the Dungeon)
 26144 | D:13     | Found Cuatong's Food Shop.
 26152 | D:13     | Bought a beef jerky for 19 gold pieces
 26152 | D:13     | Bought a bread ration for 65 gold pieces
 26152 | D:13     | Bought a bread ration for 65 gold pieces
 26152 | D:13     | Bought a meat ration for 65 gold pieces
 26152 | D:13     | Bought a bread ration for 65 gold pieces
 26190 | D:13     | Reached skill level 16 in Fighting
 26206 | D:13     | Reached *** piety under Jiyva
 26405 | D:13     | Got a bronze scale mail
 26416 | D:13     | Identified the +0 scale mail "Kaunwusog" {rPois} (You found it on level 13 of the Dungeon)
 26647 | D:14     | Lost mutation: You tend to lose your temper in combat. [Jiyva's grace]
 26673 | D:14     | Reached **** piety under Jiyva
 26804 | D:14     | Lost mutation: You possess an exceptional clarity of mind. [Jiyva's grace]
 27033 | D:14     | Found a gate to the Vaults.
 27199 | D:14     | Noticed Azrael
 27216 | D:14     | Killed Azrael
 27282 | D:14     | Identified a scroll of acquirement
 27527 | D:14     | Lost mutation: You can breathe flames. [potion of mutation]
 27527 | D:14     | Lost mutation: Your mind is acute. (Int +2) [potion of mutation]
 27527 | D:14     | Gained mutation: You have sharp toenails. [potion of mutation]
 27528 | D:14     | Gained mutation: You have a pair of small horns on your head. [potion of mutation]
 27528 | D:14     | Gained mutation: Your mind is acute. (Int +2) [potion of mutation]
 27528 | D:14     | Gained mutation: You can spit weak poison. [potion of mutation]
 27528 | D:14     | Lost mutation: You can spit weak poison. [Jiyva's grace]
 27538 | D:15     | Entered Level 15 of the Dungeon
 27557 | D:15     | Reached ***** piety under Jiyva
 27575 | D:15     | Reached skill level 17 in Fighting
 27598 | D:15     | Gained mutation: Your system is resistant to poisons. [Jiyva's grace]
 27636 | D:15     | Gained mutation: You tend to lose your temper in combat. [Jiyva's grace]
 27900 | D:15     | Lost mutation: You have sharp toenails. [Jiyva's grace]
 28384 | D:15     | Reached ****** piety under Jiyva
 28449 | D:15     | Found a staircase to the Depths.
 28594 | D:15     | Gained mutation: Your skin changes colour to match your surroundings (Stealth). [Jiyva's grace]
 29222 | Slime:4  | Killed an acid blob
 29236 | Slime:5  | Noticed an acid blob
 29252 | Slime:6  | Lost mutation: You tend to lose your temper in combat. [Jiyva's grace]
 29259 | Slime:6  | Gained mutation: Your body is partially covered in golden eyeballs (Acc +3). [Jiyva's grace]
 29262 | Slime:6  | Gained mutation: Your mind is very acute. (Int +4) [Jiyva's grace]
 29276 | Slime:6  | Got a scintillating garnet amulet
 29309 | Slime:6  | Got a slimy rune of Zot
 29353 | Slime:6  | Got a vibrating amber ring
 29363 | Slime:6  | Identified the ring of Nived {+/*Tele rElec rPois} (You found it on level 6 of the Pits of Slime)
 29386 | Slime:6  | Identified the amulet "Okhlopy" {Spirit rPois Str+2 Int+4} (You found it on level 6 of the Pits of Slime)
 29398 | Slime:5  | Noticed an acid blob
 29714 | Lair:5   | Gained mutation: You are agile. (Dex +2) [Jiyva's grace]
 30020 | Orc:1    | Lost mutation: Your system is resistant to poisons. [Jiyva's grace]
 30074 | Orc:2    | Gained mutation: Your muscles are strong. (Str +2) [Jiyva's grace]
 30097 | Orc:2    | Lost mutation: Your body is partially covered in golden eyeballs (Acc +3). [Jiyva's grace]
 30189 | Orc:3    | Gained mutation: You expend magic power (3 MP) to strengthen your wands. [Jiyva's grace]
 30269 | Orc:3    | Gained mutation: You evolve. [Jiyva's grace]
 30400 | Orc:4    | Lost mutation: Your skin changes colour to match your surroundings (Stealth). [Jiyva's grace]
 30400 | Orc:4    | Gained mutation: Your skin is partially translucent (Stealth, -foe acc). [Jiyva's grace]
 30454 | Orc:4    | Lost mutation: Your muscles are strong. (Str +2) [Jiyva's grace]
 30561 | Orc:4    | Gained mutation: Your flesh is very cold resistant. [Jiyva's grace]
 30613 | Orc:4    | Gained mutation: Your flesh is almost immune to the effects of cold. [Jiyva's grace]
 30912 | Elf:1    | Entered Level 1 of the Elven Halls
 31125 | Orc:3    | Lost mutation: You have a pair of small horns on your head. [Jiyva's grace]
 31734 | Elf:1    | Found an ancient bone altar of Kikubaaqudgha.
 31868 | Elf:1    | Lost mutation: You are agile. (Dex +2) [Jiyva's grace]
 31881 | Elf:1    | Lost mutation: You expend magic power (3 MP) to strengthen your wands. [evolution]
 32004 | Elf:1    | Reached XP level 16. HP: 45/141 MP: 21/23
 32171 | Elf:1    | Gained mutation: You have a pair of small horns on your head. [Jiyva's grace]
 32829 | Elf:1    | Gained mutation: Your skin is mostly translucent (Stealth, -foe acc). [Jiyva's grace]
 32877 | Elf:1    | Found a portal to a secret trove of treasure.
 32881 | Elf:1    | Lost mutation: Your flesh is almost immune to the effects of cold. [Jiyva's grace]
 32958 | Elf:1    | Reached skill level 1 in Stealth
 33058 | Elf:1    | Got a pitted plate armour
 33079 | Elf:1    | Identified Erchah's Incunabulum of Lightness (You found it on level 1 of the Elven Halls)
 33094 | Elf:1    | Identified the +1 plate armour of Peek-a-Boo {+Inv rN++ Int-4 Slay-3} (You found it on level 1 of the Elven Halls)
 33703 | Elf:2    | Gained mutation: Armour fits poorly on your pseudopods. [Jiyva's grace]
 33709 | Elf:2    | Lost mutation: You have an increased reservoir of magic (+10% MP). [Jiyva's grace]
 33753 | Elf:2    | Lost mutation: You have a pair of small horns on your head. [Jiyva's grace]
 33787 | Elf:2    | Found a huge runed gate.
 33787 | Elf:2    | Found a huge runed gate.
 33787 | Elf:2    | Found a huge runed gate.
 33787 | Elf:2    | Found a huge runed gate.
 33787 | Elf:2    | Found a huge runed gate.
 34250 | Elf:2    | Gained mutation: You have a small jelly attached to you that may absorb incoming projectiles. [Jiyva's grace]
 34273 | Elf:2    | Gained mutation: Your system is resistant to poisons. [Jiyva's grace]
 34290 | Elf:2    | Was forgiven by Fedhas
 34435 | Elf:2    | Gained mutation: You are weak. (Str -2) [Jiyva's grace]
 34456 | Elf:2    | Lost mutation: You are weak. (Str -2) [evolution]
 34537 | Elf:2    | Lost mutation: You have a small jelly attached to you that may absorb incoming projectiles. [Jiyva's grace]
 34628 | Elf:2    | Gained mutation: You have acidic saliva. [Jiyva's grace]
 34904 | Elf:3    | Entered Level 3 of the Elven Halls
 35250 | Elf:3    | Reached skill level 15 in Armour
 35353 | Elf:3    | Gained mutation: You have sharp toenails. [Jiyva's grace]
 35364 | Elf:3    | Noticed a deep elf blademaster
 35370 | Elf:3    | Noticed a deep elf blademaster
 35377 | Elf:3    | Noticed a Brimstone Fiend
 35377 | Elf:3    | Killed a deep elf blademaster
 35386 | Elf:3    | Gained mutation: Your body is partially covered in golden eyeballs (Acc +3). [Jiyva's grace]
 35406 | Elf:3    | Killed a ghostly deep elf blademaster
 35561 | Elf:3    | Reached skill level 1 in Dodging
 35561 | Elf:3    | Gained mutation: You sometimes gain power by taking damage. [demonic ancestry]
 35561 | Elf:3    | Reached XP level 17. HP: 129/148 MP: 22/22
 35591 | Elf:3    | Noticed a deep elf master archer
 35600 | Elf:3    | Killed a deep elf blademaster
 35615 | Elf:3    | Lost mutation: You have acidic saliva. [Jiyva's grace]
 35792 | Elf:3    | Noticed a Brimstone Fiend
 35808 | Elf:3    | Got a warped ruby amulet
 35808 | Elf:3    | Got a twitching tin ring
 36041 | Elf:3    | Identified the ring of Ohuagad {rF- rC+ MP+9 Str+4} (You took it off a deep elf death mage on level 3 of the Elven Halls)
 36043 | Elf:3    | Identified the amulet "Hita" {Ward rN+ MP+9 Dex+2} (You took it off a deep elf death mage on level 3 of the Elven Halls)
 36138 | Elf:3    | Got an encrusted mace {crush}
 36146 | Elf:3    | Reached skill level 5 in Dodging
 36162 | Elf:3    | Noticed a deep elf master archer
 36180 | Elf:3    | Killed a deep elf master archer
 36200 | Elf:3    | Noticed a Brimstone Fiend
 36243 | Elf:2    | Lost mutation: Your skin is mostly translucent (Stealth, -foe acc). [Jiyva's grace]
 36520 | Elf:3    | Reached skill level 10 in Axes
 36786 | Elf:3    | Killed a ghostly deep elf blademaster
 36832 | Elf:3    | Lost mutation: Your mind is very acute. (Int +4) [Jiyva's grace]
 36843 | Elf:3    | Gained mutation: You are covered in slimy tendrils that may disarm your opponents. [Jiyva's grace]
 36876 | Elf:3    | Got a translucent leather armour
 36878 | Elf:3    | Got a pitted crystal plate armour
 36889 | Elf:3    | Gained mutation: You have a small jelly attached to you that senses nearby items. [Jiyva's grace]
 36889 | Elf:3    | Gained mutation: You are covered in fur (AC +1). [evolution]
 36905 | Elf:3    | Gained mutation: You have a pair of small horns on your head. [Jiyva's grace]
 36924 | Elf:3    | Lost mutation: Your system is resistant to poisons. [Jiyva's grace]
 36929 | Elf:3    | Killed a deep elf master archer
 36940 | Elf:3    | Got a pitted plate armour
 36942 | Elf:3    | Got a crude ring mail
 36944 | Elf:3    | Got an encrusted ring mail
 36958 | Elf:3    | Got a smoking scale mail
 36969 | Elf:3    | Got a fine rapier
 37303 | Elf:3    | Identified the +6 mace of Conscience {crush, rC+} (You took it off a deep elf death mage on level 3 of the Elven Halls)
 37304 | Elf:3    | Identified the cursed +1 rapier "Xuwkich" {pierce, rF- Str+4 SInv} (You found it on level 3 of the Elven Halls)
 37317 | Elf:3    | Identified the +4 crystal plate armour of Zuif {Dex+4} (You took it off a deep elf blademaster on level 3 of the Elven Halls)
 37327 | Elf:3    | Identified the +6 plate armour "Qulotauvy" {rPois rF- Slay+2 Stlth+} (You found it on level 3 of the Elven Halls)
 37337 | Elf:3    | Identified the +3 ring mail of Cutesex {+Blink Str+7 Int+2 Slay-5} (You found it on level 3 of the Elven Halls)
 37347 | Elf:3    | Identified the +2 scale mail "Syavvaff" {Dex+6 SInv} (You found it on level 3 of the Elven Halls)
 37357 | Elf:3    | Identified the +3 ring mail of Watchfulness {rCorr} (You found it on level 3 of the Elven Halls)
 37699 | D:11     | Identified the +4 leather armour "Dizezoze" {rElec MR+ Slay-6 Stlth+} (You took it off a deep elf mage on level 3 of the Elven Halls)
 37705 | D:11     | Gained mutation: You are robust (+10% HP). [Jiyva's grace]
 38023 | Orc:4    | Killed Saint Roka
 38049 | Orc:4    | Lost mutation: You have a small jelly attached to you that senses nearby items. [Jiyva's grace]
 38305 | Swamp:1  | Entered Level 1 of the Swamp
 38407 | Swamp:1  | Noticed Aizul
 38427 | Swamp:1  | Killed Aizul
 38459 | Swamp:1  | Noticed Kirke
 38472 | Swamp:1  | Killed Kirke
 38545 | Swamp:1  | Gained mutation: You can breathe flames. [Jiyva's grace]
 39464 | Swamp:2  | Gained mutation: Your system is resistant to poisons. [Jiyva's grace]
 39680 | Swamp:2  | Gained mutation: You have a small jelly attached to you that senses nearby items. [Jiyva's grace]
 39722 | Swamp:2  | Lost mutation: You can breathe flames. [evolution]
 40045 | Swamp:3  | Reached XP level 18. HP: 112/170 MP: 23/23
 40381 | Swamp:3  | Noticed Donald
 40384 | Swamp:3  | Noticed Roxanne
 40397 | Swamp:3  | Killed Donald
 40421 | Swamp:3  | Lost mutation: Armour fits poorly on your pseudopods. [Jiyva's grace]
 40542 | Swamp:3  | Lost mutation: Your body is partially covered in golden eyeballs (Acc +3). [Jiyva's grace]
 40749 | Swamp:3  | Killed Roxanne
 40887 | Swamp:4  | Entered Level 4 of the Swamp
 41094 | Swamp:4  | Gained mutation: You have a small jelly attached to you that may absorb incoming projectiles. [Jiyva's grace]
 41618 | Swamp:4  | Got a decaying rune of Zot
 41727 | Swamp:4  | Lost mutation: You are covered in slimy tendrils that may disarm your opponents. [Jiyva's grace]
 42031 | Snake:1  | Entered Level 1 of the Snake Pit
 42152 | Snake:1  | Reached skill level 15 in Axes
 42258 | Snake:1  | Lost mutation: You evolve. [Jiyva's grace]
 42323 | Snake:1  | Lost mutation: Your flesh is very cold resistant. [Jiyva's grace]
 42477 | Snake:1  | Gained mutation: You are somewhat resistant to further mutation. [Jiyva's grace]
 42496 | Snake:1  | Lost mutation: You have a pair of small horns on your head. [Jiyva's grace]
 42860 | Snake:2  | Found a shimmering altar of Xom.
 42866 | Snake:2  | Got a topaz-encrusted plate armour
 42940 | Snake:2  | Gained mutation: You are agile. (Dex +2) [Jiyva's grace]
 43100 | Snake:2  | Gained mutation: You have a pair of small antennae on your head. [Jiyva's grace]
 43111 | Snake:2  | Identified the cursed +1 plate armour of Hopscotch {+Fly Int-2 Dex+6} (You found it on level 2 of the Snake Pit)
 43240 | Snake:2  | Lost mutation: You are agile. (Dex +2) [Jiyva's grace]
 43828 | Snake:3  | Gained mutation: You have acidic saliva. [Jiyva's grace]
 43905 | Snake:3  | Lost mutation: You have sharp toenails. [Jiyva's grace]
 43937 | Snake:3  | Gained mutation: You are completely covered in rough black scales (AC +10, Dex -3). [demonic ancestry]
 43937 | Snake:3  | Reached XP level 19. HP: 100/177 MP: 24/24
 44264 | Snake:3  | Lost mutation: You have a pair of small antennae on your head. [Jiyva's grace]
 44271 | Snake:4  | Entered Level 4 of the Snake Pit
 44750 | Snake:4  | Lost mutation: You are robust (+10% HP). [Jiyva's grace]
 44792 | Snake:4  | Found Cextyste's Book Boutique.
 45174 | Snake:4  | Killed from afar by a greater naga

Action                   |  1- 3 |  4- 6 |  7- 9 | 10-12 | 13-15 | 16-18 | 19-21 || total
-------------------------+-------+-------+-------+-------+-------+-------+-------++-------
Melee: War axe           |    68 |    99 |   258 |    41 |       |       |       ||   466
       Mace              |       |       |       |   544 |   745 |   719 |       ||  2008
       Battleaxe         |       |       |       |    56 |   497 |   708 |   118 ||  1379
Invok: Evolution         |       |       |     8 |     7 |    34 |       |       ||    49
       Sunlight          |       |       |       |     3 |     2 |       |       ||     5
       Request Jelly     |       |       |       |       |    14 |     6 |     1 ||    21
       Rain              |       |       |       |       |     1 |       |       ||     1
       Growth            |       |       |       |       |     1 |       |       ||     1
       Renounce Religion |       |       |       |       |     1 |       |       ||     1
       Jelly Paralyse    |       |       |       |       |     7 |    25 |     2 ||    34
       Cure Bad Mutation |       |       |       |       |     1 |     2 |       ||     3
Evoke: Wand              |       |       |       |     1 |     2 |       |       ||     3
  Use: Scroll            |     2 |     2 |     6 |    19 |    20 |    14 |     8 ||    71
       Potion            |       |     2 |     2 |     2 |    15 |     6 |     1 ||    28
 Stab: Distracted        |       |       |       |     1 |     2 |     1 |       ||     4
       Confused          |       |       |       |       |     2 |     6 |       ||     8
       Invisible         |       |       |       |       |     1 |       |       ||     1
       Sleeping          |       |       |       |       |     1 |     1 |       ||     2
  Eat: Chunk             |     1 |     1 |       |     4 |     4 |       |       ||    10
       Bread ration      |       |     1 |     3 |       |       |       |       ||     4
       Meat ration       |       |       |       |     4 |     5 |       |       ||     9
       Beef jerky        |       |       |       |     2 |     2 |       |       ||     4
       Pizza             |       |       |       |     1 |     3 |       |       ||     4
       Royal jelly       |       |       |       |       |     1 |       |       ||     1
